Map: Daybreak LE (Void)

Players

Fropez

  • Race: Protoss Protoss
  • League: Gold
  • Spawn Location: 7:00

Haxpath - Winner!

  • Race: Terran Terran
  • League: Gold
  • Spawn Location: 1:00

VOD

Have the link to the VOD?

Description

Time

  • Played on: Nov. 29, 2016, 6:49 p.m.
  • Length: 6:51
Show
View Real Time Build Order
Export as new Build Order

Fropez Protoss 

Build Orders:  

Get SALT Encoding   

  12  0:02  Probe (Chrono Boost)  
  13  0:15  Pylon  
  13  0:18  Probe (Chrono Boost)  
  14  0:25  Assimilator  
  14  0:28  Probe (Chrono Boost)  
  15  0:41  Gateway  
  15  0:45  Probe (Chrono Boost)  
  16  0:56  Probe (Chrono Boost)  
  17  1:03  Gateway  
  17  1:06  Probe (Chrono Boost)  
  18  1:17  Probe (Chrono Boost)  
  19  1:22  Assimilator  
  19  1:28  Probe (Chrono Boost)  
  20  1:48  Nexus  
  20  1:56  Pylon  
  20  2:04  Probe (Chrono Boost)  
  21  2:10  Cybernetics Core  
  21  2:15  Probe (Chrono Boost)  
  22  2:25  Pylon, Probe (Chrono Boost)  
  23  2:46  Adept x2  
  23  2:48  Warp Gate (Chrono Boost)  
  23  2:50  Mothership Core (Chrono Boost)  
  28  3:03  Probe (Chrono Boost)  
  29  3:14  Probe  
  29  3:15  Probe  
  31  3:24  Probe  
  32  3:29  Probe  
  33  3:35  Probe  
  33  3:39  Stalker x2  
  38  3:42  Pylon, Probe  
  38  3:47  Probe  
  39  3:49  Assimilator  
  39  3:55  Probe  
  41  4:01  Gateway  
  41  4:07  Probe  
  41  4:08  Probe  
  43  4:18  Probe  
  43  4:21  Assimilator  
  44  4:27  Gateway  
  44  4:29  Gateway  
  44  4:31  Gateway  
  40  4:44  Probe  
  40  4:45  Probe  
  32  4:56  Pylon  
  32  4:57  Pylon  
  32  5:13  Adept x3  
  35  5:21  Probe  
  35  5:32  Twilight Council  
  35  5:35  Stalker  
  37  5:38  Forge  
  37  5:42  Adept x2  
  35  5:43  Adept  
  35  5:45  Adept  
  37  6:02  Probe  
  37  6:04  Probe  
  39  6:18  Stalker x4  
  46  6:34  Pylon  
  43  6:40  Pylon  
Show
View Real Time Build Order
Export as new Build Order

Haxpath Terran - Winner!

Build Orders:  

Get SALT Encoding   

  12  0:01  SCV  
  13  0:13  SCV  
  14  0:22  Supply Depot  
  14  0:25  SCV  
  15  0:44  SCV  
  15  0:45  Barracks  
  16  0:56  SCV  
  17  1:02  Barracks  
  17  1:08  SCV  
  18  1:16  Barracks  
  18  1:20  SCV  
  19  1:27  Barracks  
  19  1:32  SCV  
  20  1:37  Supply Depot  
  20  1:46  Orbital Command  
  20  2:02  Barracks  
  20  2:08  Marine x2  
  21  2:09  Refinery  
  22  2:17  SCV  
  23  2:23  Marine  
  23  2:24  Marine  
  23  2:26  Marine  
  23  2:28  Marine  
  23  2:29  SCV  
  28  2:37  Refinery  
  28  2:41  Marine  
  28  2:42  Marine  
  30  2:51  Marine  
  31  2:59  Supply Depot  
  31  3:09  Supply Depot  
  31  3:16  Supply Depot  
  31  3:21  Marine x3, SCV  
  37  3:35  Barracks Tech Lab  
  37  3:38  Barracks Tech Lab  
  36  3:43  Barracks Tech Lab  
  36  3:47  Marine x2  
  36  3:48  Engineering Bay  
  37  4:02  Marauder x3  
  43  4:04  Concussive Shells  
  43  4:05  Marine x2  
  43  4:09  Combat Shields  
  45  4:16  SCV  
  46  4:22  Marine  
  46  4:23  Marine, Marauder x2  
  52  4:28  Marine  
  53  4:41  Marauder  
  50  4:49  Marine x2  
  50  4:50  Marauder  
  54  5:00  Marauder  
  54  5:02  Marine  
  54  5:07  Marine x2  
  54  5:11  Marine  
  54  5:20  Marauder  
  54  5:21  Marine  
  54  5:27  Missile Turret  
  55  5:33  Marine  
  55  5:35  Marine  
  54  5:48  Marine  
  55  6:04  Marine  
  55  6:06  Marine  
  55  6:11  Marauder x2  
  55  6:31  Marine x2  
Tags
 
League
GoldGold
Matchup
PvT
Replay Pack
All Mines
Spawn Locations
Cross Positions
Add a new tag
Caveats
  • Supply blocks, unpowered buildings, or Contaminate may cause inaccurate times.
  • Supply counts are checked every 10 seconds.